 Dungeon Crawl Stone Soup version 0.19.1 (webtiles) character file.

1722 Mefis the Magician (level 8, -3/43 HPs)
             Began as a Deep Elf Wizard on Dec 14, 2016.
             Was an Initiate of Sif Muna.
             Splashed by a jelly's acid (10 damage)
             ... on level 6 of the Dungeon.
             The game lasted 00:18:55 (9366 turns).

Mefis the Magician (Deep Elf Wizard)                Turns: 9366, Time: 00:18:56

Health: -3/43      AC: -2    Str:  4    XL:     8   Next: 75%
Magic:  25/30      EV: 14    Int: 26    God:    Sif Muna [......]
Gold:   39         SH:  3    Dex: 13    Spells: 7 memorised, 7 levels left

rFire  . . .     SeeInvis .     a - staff of poison (curse)
rCold  . . .     Gourm    .     e - +0 robe
rNeg   . . .     Faith    .     (no shield)
rPois  +         Spirit   .     x - +0 hat
rElec  .         Reflect  +     (no cloak)
rCorr  .         Harm     .     (no gloves)
MR     .....                    (no boots)
Stlth  +++.......               t - +3 amulet of reflection
                                (no ring)
                                z - ring of magical power

@: corroded, very slightly contaminated, repel missiles
A: no striking features
a: Renounce Religion


You were on level 6 of the Dungeon.
You worshipped Sif Muna.
Sif Muna was noncommittal.
You were hungry.

You visited 2 branches of the dungeon, and saw 8 of its levels.

You collected 277 gold pieces.
You spent 238 gold pieces at shops.

Inventory:

Hand Weapons
 b - a +0 blowgun
 J - a +0 dagger
 M - a +0 spear
Missiles
 i - 2 needles of frenzy
 r - 5 needles of confusion
 y - 5 curare-tipped needles
 A - 35 sling bullets
 Q - 16 poisoned needles
Armour
 e - a +0 robe (worn)
 x - a +0 hat (worn)
Magical Staves
 a - a cursed staff of poison (weapon)
Jewellery
 t - a +3 amulet of reflection (around neck)
 z - a ring of magical power (left hand)
Wands
 u - a wand of acid (0/15)
 N - a wand of paralysis (8/24)
Scrolls
 h - 2 scrolls of amnesia
 k - 2 scrolls of teleportation
 o - 2 scrolls of fear
 p - a scroll of random uselessness
 w - a scroll of blinking
 F - a scroll of enchant weapon
 H - 2 scrolls of enchant armour
 K - a scroll of recharging
 L - a scroll of noise {unknown}
 R - a scroll of remove curse
 T - a scroll of magic mapping
 U - a scroll of identify
Potions
 g - 2 potions of brilliance
 j - 2 potions of might
 l - 2 potions of ambrosia {unknown}
 m - 6 potions of curing
 q - a potion of invisibility {unknown}
 s - a potion of cure mutation {unknown}
 v - 2 potions of flight {unknown}
 B - 2 potions of agility {unknown}
 C - 2 potions of haste {unknown}
 D - 2 potions of heal wounds {unknown}
 E - 2 potions of mutation {unknown}
 G - 3 potions of lignification {unknown}
 I - 2 potions of magic {unknown}
 O - a potion of degeneration {unknown}
Books
 c - a book of Minor Magic

   Spells                             Type                      Level
   a - Magic Dart                     Conjuration                  1
   b - Blink                          Translocation                2
   c - Call Imp                       Summoning                    2
   d - Repel Missiles                 Charms/Air                   2
   e - Slow                           Hexes                        2
   f - Conjure Flame                  Conjuration/Fire             3
   g - Mephitic Cloud                 Conjuration/Poison/Air       3
Comestibles
 d - 6 bread rations
 f - 5 beef jerkies
 n - 2 slices of pizza
 P - a meat ration


   Skills:
 + Level 1.3 Fighting
 + Level 1.2 Staves
 + Level 4.8 Dodging
 + Level 5.2 Stealth
 * Level 7.9 Spellcasting
 + Level 4.1 Conjurations
 + Level 2.4 Hexes
 + Level 4.0 Summonings
 + Level 1.9 Translocations
 + Level 3.5 Air Magic
 + Level 3.4 Poison Magic
 + Level 2.6 Evocations


You had 7 spell levels left.
You knew the following spells:

 Your Spells              Type           Power        Failure   Level  Hunger
a - Magic Dart            Conj           ####         1%          1    None
b - Call Imp              Summ           ####....     1%          2    None
c - Blink                 Tloc           N/A          4%          2    None
d - Repel Missiles        Chrm/Air       ###...       4%          2    None
e - Mephitic Cloud        Conj/Pois/Air  #####...     4%          3    None
f - Conjure Flame         Conj/Fire      ###.....     10%         3    None
g - Slow                  Hex            ###.....     3%          2    None


Dungeon Overview and Level Annotations

Branches:
Dungeon (7/15)             Temple (1/1) D:7

Altars:
Ashenzari
Cheibriados
Dithmenos
Elyvilon
Fedhas
Gozag
Hepliaklqana
Kikubaaqudgha
Makhleb
Nemelex Xobeh
Okawaru
Qazlal
Ru
Sif Muna
Trog
Uskayaw
Vehumet
Xom
Yredelemnul
Zin
The Shining One

Shops:
D:6 ?

Annotations:
D:7 Philosophy's ghost, novice FoFi


Message History

The orc wizard mumbles some strange words.
The orc wizard blinks!
The jelly hits you.
You are splashed with acid!
The acid burns!
* * * LOW HITPOINT WARNING * * *
You climb upwards.
There is a stone staircase leading down here.
Casting: Mephitic Cloud
Confirm with . or Enter, or press ? or * to list all spells.
You blink.
Casting: Blink
Confirm with . or Enter, or press ? or * to list all spells.
Okay, then.
Casting: Blink
Confirm with . or Enter, or press ? or * to list all spells.
You miscast Blink.
You are very lightly contaminated with residual magic.
Strange energies run through your body. The jelly hits you.
* * * LOW HITPOINT WARNING * * *
You are splashed with acid!
The acid burns!
You die...

.....########.###........#.#.....
######.........##........#.#.#...
######.........##..........#.....
................#........######..
.(......#######.#..........####..
........# #...#'#....#.##....
........########..#.#....#.##.#..
..########........#.#...)#'##.###
.......#.'....).@.#.#............
.......#'#......Jo#.###.......##.
#....†...........§..# #........+.
#...##..............# #.......##.
#...##............(.# #.......##.
...###..............# #.......##.
...'.'..............# #.......##.
...###..............# #.......##.
#### #..............# #.......##.


You could see a jelly and an orc.

Vanquished Creatures
  2 ice beasts
  An orc warrior (D:6)
  5 ogres
  A big kobold (D:4)
  2 bullfrogs
  A vampire bat (D:2)
  2 howler monkeys
  2 jellies
  An orc wizard (D:6)
  3 hounds
  An orc priest (D:7)
  A centaur skeleton (D:5)
  2 iguanas
  3 worker ants
  A hound zombie (D:5)
  A worker ant zombie (D:7)
  4 adders
  2 oozes (D:4)
  An adder skeleton (D:6)
  4 worms
  2 dart slugs
  7 leopard geckos
  14 orcs
  2 bat skeletons (D:2)
  3 bat zombies (D:2)
  3 giant cockroaches
  5 goblins
  13 hobgoblins
  2 jackals (D:1)
  6 bats
  2 frilled lizards
  13 kobolds
  38 rats
150 creatures vanquished.

Vanquished Creatures (collateral kills)
  The ghost of Philosophy the Shield-Bearer, an amateur FoFi (D:4)
  An adder (D:1)
  A giant cockroach (D:1)
  3 kobolds (D:4)
6 creatures vanquished.

Grand Total: 156 creatures vanquished

Notes
Turn   | Place    | Note
-------+----------+-------------------------------------------
     0 | D:1      | Mefis the Deep Elf Wizard began the quest for the Orb.
     0 | D:1      | Reached XP level 1. HP: 10/10 MP: 7/7
   668 | D:1      | Reached XP level 2. HP: 15/15 MP: 6/9
   672 | D:1      | Learned a level 2 spell: Call Imp
   675 | D:1      | Learned a level 2 spell: Blink
   678 | D:1      | Learned a level 2 spell: Repel Missiles
  1272 | D:2      | Reached skill level 5 in Spellcasting
  1365 | D:1      | Reached XP level 3. HP: 3/19 MP: 2/11
  1475 | D:1      | Learned a level 3 spell: Mephitic Cloud
  2029 | D:2      | Found an ancient bone altar of Kikubaaqudgha.
  2038 | D:2      | Reached XP level 4. HP: 15/24 MP: 6/13
  2152 | D:2      | Learned a level 3 spell: Conjure Flame
  3351 | D:2      | Reached skill level 1 in Poison Magic
  3383 | D:3      | Reached skill level 1 in Air Magic
  3457 | D:3      | Reached XP level 5. HP: 25/28 MP: 1/15
  4655 | D:4      | Reached skill level 6 in Spellcasting
  4707 | D:4      | Reached XP level 6. HP: 31/32 MP: 2/17
  5010 | D:4      | Reached skill level 1 in Evocations
  5572 | D:4      | Noticed Philosophy's ghost (amateur FoFi)
  5801 | D:4      | Killed Philosophy's ghost
  5801 | D:4      | Reached XP level 7. HP: 36/36 MP: 5/19
  6095 | D:5      | Entered Level 5 of the Dungeon
  6133 | D:5      | Reached skill level 7 in Spellcasting
  6254 | D:5      | Learned a level 2 spell: Slow
  6845 | D:5      | Reached skill level 1 in Hexes
  7458 | D:6      | Reached XP level 8. HP: 35/41 MP: 0/21
  8241 | D:6      | Found Lutefa's Magic Scroll Emporium.
  8249 | D:6      | Bought a scroll of enchant armour for 105 gold pieces
  8249 | D:6      | Bought a scroll of magic mapping for 49 gold pieces
  8249 | D:6      | Bought a scroll of identify for 28 gold pieces
  8249 | D:6      | Bought a scroll of identify for 28 gold pieces
  8249 | D:6      | Bought a scroll of identify for 28 gold pieces
  8504 | D:7      | Reached skill level 1 in Fighting
  8504 | D:7      | Reached skill level 5 in Stealth
  8591 | D:7      | Found a staircase to the Ecumenical Temple.
  8630 | D:7      | Reached skill level 1 in Staves
  8674 | Temple   | Entered the Ecumenical Temple
  8730 | Temple   | Became a worshipper of Sif Muna the Loreminder
  8861 | D:7      | Noticed Philosophy's ghost (novice FoFi)
  9366 | D:6      | Splashed by a jelly's acid

Skill      XL: |  1  2  3  4  5  6  7  8 |
---------------+-------------------------+-----
Spellcasting   | 5 6 7 |  7.9
Dodging        | 3 4 |  4.8
Conjurations   | 2 3 4 |  4.1
Summonings     | 2 3 4 |  4.0
Poison Magic   | 1 2 3 |  3.4
Air Magic      | 1 2 3 |  3.5
Stealth        | 3 4 5 |  5.2
Evocations     | 1 2 |  2.6
Hexes          | 1 2 |  2.4
Fighting       | 1 |  1.3
Staves         | 1 |  1.2
Translocations | |  1.9

Action                   |  1- 3 |  4- 6 |  7- 9 || total
-------------------------+-------+-------+-------++-------
Melee: Unarmed           |     2 |       |       ||     2
       Dagger            |     1 |    66 |       ||    67
       Staff             |       |       |    21 ||    21
 Fire: Blowgun           |       |     9 |       ||     9
 Cast: Magic Dart        |    86 |   208 |   166 ||   460
       Call Imp          |     2 |     5 |     6 ||    13
       Repel Missiles    |     1 |       |       ||     1
       Mephitic Cloud    |       |     5 |    11 ||    16
       Conjure Flame     |       |     1 |     9 ||    10
       Blink             |       |     1 |     1 ||     2
Evoke: Wand              |       |     3 |       ||     3
  Use: Scroll            |       |     6 |     7 ||    13
       Potion            |       |       |     1 ||     1
 Stab: Sleeping          |     1 |     1 |     1 ||     3
       Confused          |       |       |     2 ||     2
  Eat: Chunk             |     3 |    10 |     7 ||    20
       Meat ration       |       |       |     1 ||     1
Armor: Robe              |     9 |     7 |     3 ||    19
Dodge: Dodged            |    41 |    36 |    33 ||   110
       Deflected         |       |     3 |       ||     3
Block: Other             |       |     8 |     8 ||    16
